 Dungeon Crawl Stone Soup version 0.28.0-53-g5a82cb258f (webtiles) character file.

Game seed: 4815235144519024096

126 olmar the Skirmisher (level 5, -1/34 HPs)
             Began as a Gargoyle Fighter on Aug 3, 2022.
             Killed by divine providence
             ... invoked by an orc priest
              (11 damage)
             ... on level 3 of the Dungeon.
             The game lasted 00:02:28 (2640 turns).

olmar the Skirmisher (Gargoyle Fighter)             Turns: 2640, Time: 00:02:30

Health: -1/34      AC: 15    Str: 21    XL:     5   Next: 10%
Magic:  5/5        EV:  6    Int:  9    God:
Gold:   72         SH:  4    Dex:  9    Spells: 4/4 levels left

rFire   . . .      SeeInvis .   a - +0 flail
rCold   . . .      Faith    .   c - +0 buckler
rNeg    + . .      Spirit   .   l - +0 plate armour
rPois   ∞          Reflect  .   (no helmet)
rElec   +          Harm     .   (no cloak)
rCorr   .          Rampage  .   (no gloves)
Will    .....                   (no boots)
Stlth   ..........              (no amulet)
HPRegen 0.11/turn               (no ring)
MPRegen 0.09/turn               (no ring)

@: no status effects
A: sickness immunity, AC +4, negative energy resistance 1, electricity
resistance, torment resistance 1, petrification resistance
a: no special abilities


You were on level 3 of the Dungeon.
You visited 1 branch of the dungeon, and saw 3 of its levels.

You collected 72 gold pieces.

Inventory:

Hand Weapons
 a - a +0 flail (weapon)
Armour
 b - a +0 scale mail
 c - a +0 buckler (worn)
 l - a +0 plate armour (worn)
Jewellery
 j - a +6 ring of strength
Scrolls
 e - a scroll of silence {unknown}
 i - a scroll of teleportation {unknown}
 k - 2 scrolls of vulnerability {unknown}
 m - a scroll of blinking {unknown}
 n - a scroll of identify {unknown}
 o - a scroll of fear {unknown}
 p - a scroll of holy word {unknown}
Potions
 d - a potion of might
 f - a potion of mutation {unknown}
 h - a potion of haste {unknown}


   Skills:
 + Level 4.3 Fighting
 + Level 3.3 Maces & Flails
 + Level 4.0 Armour
 + Level 0.8 Dodging
 + Level 3.6 Shields


You had 4 spell levels left.
You didn't know any spells.
Your spell library was empty.

Dungeon Overview and Level Annotations

Branches:
Dungeon (3/15)

Altars:
Nemelex Xobeh


Innate Abilities, Weirdness & Mutations

You are immune to sickness and miasma.
Your stone body is resilient. (AC +4)
You are immune to poison.
You resist negative energy. (rN+)
You are resistant to electric shocks. (rElec)
You are resistant to unholy torment.
You are immune to petrification.


Message History

An orc is nearby!
You thump the orc!
You kill the orc!
No target in view!
No target in view!
No target in view!
Things that are here:
a +0 short sword; a +0 scale mail; an orc corpse No target in view!
No target in view!
An orc is nearby!
An orc is nearby!
No target in view!
No target in view!
No target in view!
No target in view!
No target in view!
No target in view!
No target in view!
No target in view!
No target in view!
No target in view!
An orc priest comes into view. It is wielding a +0 dagger.
The orc priest moves out of view.
The orc priest shouts!
The orc closely misses you.
The orc priest invokes the aid of Beogh against you.
Beogh smites you!
You barely miss the orc.
The orc hits you with a +1 dagger of freezing.
The orc freezes you.
The orc priest looks braver for a moment.
An orc comes into view. It is wielding a +0 club.
Unknown command.
The orc priest invokes the aid of Beogh against you.
Beogh smites you!
* * * LOW HITPOINT WARNING * * *
The orc priest calls down the wrath of Beogh upon you.
Beogh smites you!
You die...

.........##.####+#.#######
............o............#
.......#.#######o..#####)#
.......#.# #.)## #.#
#....###+#### #..# #.#
.)..........# ##..# #.#
............# #...# #.#
............###.o.# #.#
............'...@.# #.#
.#..........###..## #.#
#...######## #..# #.#
###†#♣♣♣♣♣♣ #..#######.#
#.#♣....♣###..........#
#.'..♣♣..'.#<.#######.#
#.'..♣♣..'........# #.#
###♣....♣###..##### #.#
♣♣♣♣♣♣ #..#######.#


You could see an orc priest and an orc.

Vanquished Creatures
  An orc priest (D:3)
  2 adders (D:2)
  A worm (D:2)
  2 dart slugs (D:1)
  4 orcs (D:3)
  9 ball pythons
  9 endoplasms
  3 giant cockroaches
  3 goblins
  5 hobgoblins
  3 jackals (D:1)
  3 quokkas
  10 bats
  2 frilled lizards (D:1)
  5 rats
62 creatures vanquished.

Notes
Turn   | Place    | Note
-------+----------+-------------------------------------------
     0 | D:1      | olmar the Gargoyle Fighter began the quest for the Orb.
     0 | D:1      | Reached XP level 1. HP: 14/14 MP: 1/1
   161 | D:1      | Reached XP level 2. HP: 19/20 MP: 2/2
   381 | D:1      | Found a faded altar of an unknown god.
   637 | D:1      | Reached XP level 3. HP: 24/24 MP: 3/3
  1248 | D:2      | Reached XP level 4. HP: 21/29 MP: 4/4
  1926 | D:2      | Found a sparkling altar of Nemelex Xobeh.
  2354 | D:3      | Reached XP level 5. HP: 26/34 MP: 5/5
  2640 | D:3      | Killed from afar by an orc priest

Illustrated notes

Levels and vault maps discovered:
D:1:      mrwooster_arrival_statue_2, layout_loops_corners,
          shapermc_ecumenical_altar_totnotflames
D:2:      minmay_door_path, layout_loops_ring, serial_glass, glass_columns_a,
          glass_columns_b, basic_altar
D:3:      layout_basic, kennysheep_generic_room_15

Skill      XL: |  1  2  3  4  5 |
---------------+----------------+-----
Fighting       | 4 |  4.3
Maces & Flails | 3 |  3.3
Armour         | 4 |  4.0
Dodging        | |  0.8
Shields        | |  3.6

Action                   |  1- 3 |  4- 6 || total
-------------------------+-------+-------++-------
Melee: Flail             |    85 |    77 ||   162
  Use: Potion            |       |     3 ||     3
Armor: Scale mail        |    40 |     1 ||    41
       Plate armour      |       |    35 ||    35
       Skin              |       |    14 ||    14
Dodge: Dodged            |    51 |    23 ||    74
Block: Buckler           |    17 |    13 ||    30
